 Dungeon Crawl Stone Soup version 0.24.0-29-g8ce449bc06 (webtiles) character file.

Game seed: 14187006310660250924, levelgen mode: deterministic

128 Flugslaktarn the Chopper (level 4, -7/41 HPs)
             Began as a Minotaur Monk on Nov 15, 2019.
             Mangled by an ogre
             ... wielding a +0 giant club
              (27 damage)
             ... on level 4 of the Dungeon.
             The game lasted 00:01:05 (3343 turns).

Flugslaktarn the Chopper (Minotaur Monk)            Turns: 3343, Time: 00:01:06

Health: -7/41      AC:  2    Str: 16    XL:     4   Next: 86%
Magic:  3/3        EV: 14    Int:  7    God:
Gold:   156        SH:  0    Dex: 13    Spells: 3/3 levels left

rFire    . . .     SeeInvis .   a - +0 hand axe
rCold    . . .     Gourm    .   (no shield)
rNeg     . . .     Faith    .   b - +0 robe
rPois    .         Spirit   .   (helmet restricted)
rElec    .         Reflect  .   (no cloak)
rCorr    .         Harm     .   (no gloves)
MR       .....                  (no boots)
Stlth    ++........             (no amulet)
HPRegen  0.13/turn              (no ring)
MPRegen  0.08/turn              (no ring)

@: lethally poisoned (-7 -> -10)
A: retaliatory headbutt, horns 2
a: no special abilities


You were on level 4 of the Dungeon.
You were not hungry.

You visited 1 branch of the dungeon, and saw 4 of its levels.

You collected 156 gold pieces.

Inventory:

Hand Weapons
 a - a +0 hand axe (weapon)
Armour
 b - a +0 robe (worn)
Jewellery
 j - an uncursed amulet of rage {unknown}
   (You found it on level 1 of the Dungeon)
 m - an uncursed ring of protection from magic {unknown}
   (You found it on level 2 of the Dungeon)
Scrolls
 d - 2 scrolls of teleportation {unknown}
 f - a scroll of blinking {unknown}
 g - a scroll of random uselessness {unknown}
 h - 4 scrolls of identify {unknown}
 k - 3 scrolls of enchant armour {unknown}
 l - 2 scrolls of magic mapping {unknown}
 n - a scroll of remove curse {unknown}
 p - a scroll of amnesia {unknown}
 q - a scroll of immolation {unknown}
 r - a scroll of fear {unknown}
Potions
 c - a potion of lignification {unknown}
 i - 2 potions of curing {unknown}
 s - a potion of might {unknown}
Comestibles
 e - 8 rations
 o - a chunk of flesh


   Skills:
 + Level 4.4 Fighting
 * Level 5.1 Axes
 + Level 2.3 Armour
 + Level 4.0 Dodging
 - Level 1.5 Stealth


You had 3 spell levels left.
You didn't know any spells.
Your spell library was empty.

Dungeon Overview and Level Annotations

Branches:
Dungeon (4/15)
 Temple: D:4-7

Altars:


Innate Abilities, Weirdness & Mutations

You reflexively headbutt those who attack you in melee.
You have a pair of horns on your head.


Message History

You are poisoned.
The adder poisons you!
You hit the adder but do no damage.
The adder is severely wounded.
You feel sick. The adder bites you. The adder closely misses you.
You barely miss the adder.
The adder is severely wounded.
You hit the ogre.
You feel sick. The ogre closely misses you. You furiously retaliate!
You headbutt the ogre, but do no damage.
The adder bites you.
You barely miss the adder. You headbutt the adder.
You kill the adder!
You hit the ogre. The ogre hits you with a +0 giant club!
You hit the ogre.
The ogre is moderately wounded.
You feel sick.
The ogre hits you with a +0 giant club!!
Ouch! That really hurt!
You die...

...# ...#
...# ..#
#######.###
#<........#
#.####....###
#.# #.......+
#.# ##@...###
#.# #O†...#
#.# #.#.#.#
#.. .. ...#
#####. ####
#. #. ..


You could see an ogre.

Vanquished Creatures
  6 adders
  A worm (D:3)
  2 dart slugs
  A leopard gecko (D:3)
  5 orcs (D:3)
  8 bats
  2 giant cockroaches (D:1)
  8 goblins
  10 hobgoblins
  2 jackals (D:2)
  2 quokkas
  3 frilled lizards
  2 kobolds
  8 rats
60 creatures vanquished.

Vanquished Creatures (others)
  A frilled lizard (D:3)
1 creature vanquished.

Grand Total: 61 creatures vanquished

Notes
Turn   | Place    | Note
-------+----------+-------------------------------------------
     0 | D:1      | Flugslaktarn the Minotaur Monk began the quest for the Orb.
     0 | D:1      | Reached XP level 1. HP: 19/19 MP: 0/0
   299 | D:1      | Reached XP level 2. HP: 27/27 MP: 1/1
   381 | D:1      | Reached skill level 4 in Axes
   581 | D:1      | Reached skill level 1 in Armour
  1262 | D:2      | Reached XP level 3. HP: 30/33 MP: 2/2
  2564 | D:3      | Reached XP level 4. HP: 36/40 MP: 3/3
  3017 | D:3      | Reached skill level 5 in Axes
  3335 | D:4      | Noticed an ogre
  3343 | D:4      | Mangled by an ogre

Levels and vault maps discovered:
D:1:      lemuel_arrival_tunnels, layout_basic
D:2:      layout_basic, first_ration
D:3:      layout_loops_corners, lemuel_flame_loot_1
D:4:      layout_loops_corners

Skill      XL: |  1  2  3  4 |
---------------+-------------+-----
Axes           | 4 5 |  5.1
Armour         | 1 2 |  2.3
Fighting       | 4 |  4.4
Dodging        | 4 |  4.0
Stealth        | |  1.5

Action                   |  1- 3 |  4- 6 || total
-------------------------+-------+-------++-------
Melee: Hand axe          |   102 |    55 ||   157
       Headbutt          |    12 |     6 ||    18
 Stab: Sleeping          |     5 |     1 ||     6
  Eat: Chunk             |     5 |     3 ||     8
Armor: Robe              |    15 |     4 ||    19
Dodge: Dodged            |    64 |    31 ||    95
